 Dungeon Crawl Stone Soup version 0.20-a0-833-gc632bec (console) character file.

333 swinepaste the Conjurer (level 6, 0/45 HPs)
             Began as a Demigod Conjurer on Mar 7, 2017.
             Slain by dpeg's ghost (5 damage)
             ... on level 4 of the Dungeon.
             The game lasted 00:08:30 (2583 turns).

swinepaste the Conjurer (Demigod Conjurer)          Turns: 2583, Time: 00:08:31

Health: 0/45       AC:  4    Str: 16      XL:     6   Next: 5%
Magic:  0/13       EV: 12    Int: 20 (23) God:
Gold:   236        SH:  0    Dex: 14 (16) Spells: 1/11 levels left

rFire    . . .     SeeInvis .   a - +3 dagger
rCold    + . .     Gourm    .   g - +0 robe
rNeg     . . .     Faith    .   (no shield)
rPois    .         Spirit   .   n - +0 helmet
rElec    .         Reflect  .   p - +0 cloak
rCorr    +         Harm     .   (no gloves)
MR       .....     Clarity  +   (no boots)
Stlth    ++........             (no amulet)
Regen    0.2/turn               (no ring)
MPRegen  0.2/turn               l - ring of resist corrosion

@: mighty
A: clarity, cold resistance 1, high mp 1
a: no special abilities


You were on level 4 of the Dungeon.
You were not hungry.

You visited 1 branch of the dungeon, and saw 4 of its levels.

You collected 236 gold pieces.

Inventory:

Hand Weapons
 a - a +3 dagger (weapon)
 i - a +0 dagger
 m - a +1 flail of venom
 r - a +0 blowgun
 s - a +0 quarterstaff
Missiles
 q - 10 poisoned needles
Armour
 g - a +0 robe (worn)
 n - a +0 helmet (worn)
 p - a +0 cloak (worn)
Jewellery
 l - a ring of resist corrosion (left hand)
Wands
 j - a wand of acid (15/15)
 k - a wand of polymorph (13/24)
Scrolls
 e - 4 scrolls of identify
 h - 4 scrolls of teleportation
 t - 2 scrolls of amnesia
Books
 b - a book of Conjurations

   Spells                             Type                      Level
   a - Magic Dart                     Conjuration                  1
   b - Searing Ray                    Conjuration                  2
   c - Dazzling Spray                 Conjuration/Hexes            3
   d - Fulminant Prism                Conjuration/Hexes            4
   e - Force Lance                    Conjuration/Translocation    4
   f - Iskenderun's Mystic Blast      Conjuration                  4
Comestibles
 c - 3 bread rations
 d - a meat ration
 o - 8 fruits
 u - 4 chunks of flesh


   Skills:
 - Level 1.7 Dodging
 - Level 1.7 Stealth
 - Level 3.0 Spellcasting
 + Level 6.3 Conjurations


You had one spell level left.
You knew the following spells:

 Your Spells              Type           Power        Failure   Level  Hunger
d - Magic Dart            Conj           ####         1%          1    None
r - Searing Ray           Conj           ####..       1%          2    ##.....
x - Iskenderun's Mystic   Conj           ####....     12%         4    ####...
z - Dazzling Spray        Conj/Hex       ###...       14%         3    ###....


Dungeon Overview and Level Annotations

Branches:
Dungeon (4/15)
 Temple: D:4-7

Annotations:
D:4 dpeg's ghost, amateur FoMo


Innate Abilities, Weirdness & Mutations

You have an increased reservoir of magic. (+10% MP)
You possess an exceptional clarity of mind.
Your flesh is cold resistant. (rC+)


Message History

Dpeg's ghost is almost destroyed.
Dpeg's ghost hits you.
You barely miss dpeg's ghost.
Dpeg's ghost is almost destroyed.
Dpeg's ghost hits you!
* * * LOW HITPOINT WARNING * * *
You feel very mighty all of a sudden. Dpeg's ghost hits you.
* * * LOW HITPOINT WARNING * * *
You closely miss dpeg's ghost.
Dpeg's ghost is almost destroyed.
Dpeg's ghost misses you.
You barely miss dpeg's ghost.
Dpeg's ghost is almost destroyed.
Dpeg's ghost hits you.
* * * LOW HITPOINT WARNING * * *
You closely miss dpeg's ghost.
Dpeg's ghost is almost destroyed.
Dpeg's ghost hits you.
You die...

#..# #..#
#!.# #..#
#..# ###..#
#....#
#...p#
#...W#######
#...........
###.........
#.........
#.########
#.# #.# ..#


You could see dpeg's ghost.

Vanquished Creatures
  An ogre (D:3)
  A crimson imp (D:3)
  An orc wizard (D:3)
  Ijyb (D:2)
  Terence (D:2)
  Robin (D:2)
  5 adders (D:2)
  An ooze (D:3)
  2 dart slugs
  A leopard gecko (D:1)
  6 orcs
  3 ball pythons
  4 giant cockroaches
  15 goblins
  5 hobgoblins
  A quokka (D:3)
  4 bats
  4 frilled lizards
  6 kobolds
  13 rats
76 creatures vanquished.

Notes
Turn   | Place    | Note
-------+----------+-------------------------------------------
     0 | D:1      | swinepaste the Demigod Conjurer began the quest for the Orb.
     0 | D:1      | Reached XP level 1. HP: 14/14 MP: 5/5
   287 | D:1      | Reached skill level 4 in Conjurations
   352 | D:1      | Reached XP level 2. HP: 20/20 MP: 2/7
   366 | D:1      | Learned a level 2 spell: Searing Ray
   805 | D:2      | Reached XP level 3. HP: 26/26 MP: 2/8
   897 | D:2      | Noticed Ijyb
   913 | D:2      | Killed Ijyb
   913 | D:2      | Reached skill level 5 in Conjurations
  1010 | D:2      | Learned a level 3 spell: Dazzling Spray
  1086 | D:2      | Reached XP level 4. HP: 33/33 MP: 8/10
  1307 | D:2      | Gained mutation: Your flesh is cold resistant. (rC+) [potion of mutation]
  1307 | D:2      | Gained mutation: You possess an exceptional clarity of mind. [potion of mutation]
  1317 | D:2      | Noticed Terence
  1328 | D:2      | Killed Terence
  1375 | D:2      | Noticed Robin
  1381 | D:2      | Killed Robin
  1703 | D:2      | Reached XP level 5. HP: 32/38 MP: 7/12
  1750 | D:2      | Learned a level 4 spell: Iskenderun's Mystic Blast
  2266 | D:3      | Reached skill level 6 in Conjurations
  2269 | D:3      | Found a snail-covered altar of Cheibriados.
  2401 | D:3      | Noticed an ogre
  2418 | D:3      | Killed an ogre
  2418 | D:3      | Reached XP level 6. HP: 41/45 MP: 2/13
  2562 | D:4      | Noticed dpeg's ghost (amateur FoMo)
  2583 | D:4      | Slain by dpeg's ghost

Vault maps used:
D:1:      mrwooster_arrival_statue
D:2:      minmay_misc_feat_plants, uniq_terence, uniq_iyjb, uniq_robin
D:3:      marbit_many_paths, first_bread, dk_vineyard_2
D:4:      ashenzari_altar_1, minmay_temple_entry_glass, serial_shops, shop,
          serial_co_window_serial, co_window_paths_b,
          co_window_of_opportunity_a, co_window_paths_a, co_window_paths_a,
          co_window_paths_a, co_window_broadway_b, co_window_2corner,
          co_window_of_opportunity_b, co_window_2corner,
          co_window_unsneaky_path_d, co_window_4corner_a, glass_columns_b,
          glass_columns_b, glass_columns_a, cheibrodos_gnoll_hut, uniq_eustachio

Skill      XL: |  1  2  3  4  5 |
---------------+----------------+-----
Conjurations   | 4 5 6 |  6.3
Spellcasting   | 2 3 |  3.0
Dodging        | |  1.7
Stealth        | |  1.7

Action                   |  1- 3 |  4- 6 || total
-------------------------+-------+-------++-------
Melee: Dagger            |    10 |    36 ||    46
 Cast: Magic Dart        |    55 |    61 ||   116
       Searing Ray       |     2 |     7 ||     9
       Dazzling Spray    |       |     5 ||     5
  Use: Potion            |     5 |     3 ||     8
       Scroll            |     3 |     4 ||     7
 Stab: Invisible         |       |     1 ||     1
       Sleeping          |       |     1 ||     1
  Eat: Chunk             |     1 |     6 ||     7
Armor: Robe              |     1 |    10 ||    11
Dodge: Dodged            |    11 |    19 ||    30
